 Dungeon Sprint DCSS version 0.30-a0-956-gcec3b41aec (webtiles) character file.

Game seed: 12777166045285808306

60 Parcival the Shield-Bearer (level 3, -2/37 HPs)
             Began as a Minotaur Fighter on Mar 29, 2023.
             Drowned by a water elemental (10 damage)
             ... in the Dungeon (Sprint III: "The Ten Rune Challenge").
             The game lasted 00:00:40 (186 turns).

Parcival the Shield-Bearer (Minotaur Fighter)        Turns: 186, Time: 00:00:41

Health: -2/37      AC:  7    Str: 22    XL:     3   Next: 82%
Magic:  2/2        EV:  9    Int:  5    God:
Gold:   33         SH:  5    Dex:  9    Spells: 2/2 levels left

rFire   . . .      SeeInvis .    a - +0 war axe
rCold   . . .      Faith    .    c - +0 buckler
rNeg    . . .      Spirit   .    b - +0 scale mail
rPois   .          Reflect  .    (helmet restricted)
rElec   .          Rampage  .    (no cloak)
rCorr   .          NoTele   +    (no gloves)
Will    .....                    (no boots) Stlth
                                 (no amulet)
HPRegen 0.26/turn                (no ring)
MPRegen 0.08/turn                (no ring)

@: engulfed (cannot breathe)
A: horns 2, retaliatory headbutt
a: no special abilities


You were in the Dungeon.
You visited 1 branch You collected 33 gold pieces.

Inventory:

Hand Weapons
 a - a +0 war axe (weapon)
 k - a +2 club
Armour
 b - a +0 scale mail (worn)
 c - a +0 buckler (worn)
Scrolls
 j - a scroll of blinking
 l - 2 scrolls of poison {unknown}
 m - 3 scrolls of identify
Potions
 d - a potion of might
 e - a potion of curing
 f - 2 potions of heal wounds
 g - a potion of haste
 h - 2 potions of magic
 i - a potion of berserk rage
 n - 3 potions of flight
 o - 5 potions of mutation


   Skills:
 + Level 5.9 Fighting
 + Level 4.2 Axes
 + Level 5.9 Armour
 + Level 0.1 Dodging
 + Level 6.0 Shields


You had 2 spell levels left.
You didn't know any spells.
Your spell library was empty.

Dungeon Overview and Level Annotations

Branches:
Dungeon (1/1)

Altars:


Innate Abilities, Weirdness & Mutations

You have a pair of horns on your head.
You reflexively headbutt those who attack you in melee.


Message History

You now have 33 gold pieces (gained 14).
l - a scroll labelled YNGOMISCHOU;
m - 2 scrolls of identify
n - 2 potions of flight
Things that are here:
a potion of mutation; 2 potions of mutation
l - 2 scrolls labelled YNGOMISCHOU (gained 1)
m - 3 scrolls of identify (gained 1);
n - 3 potions of flight (gained 1)
Things that are here:
a potion of mutation; a potion of mutation
o - a potion of mutation;
o - 2 potions of mutation (gained 1)
o - 3 potions of mutation (gained 1);
o - 5 potions of mutation (gained 2)
There is an open door here.
You enter the shallow water.
Moving in this stuff is going to be slow.
You enter the shallow water.
Moving in this stuff is going to be slow.
You open the door.
A water elemental comes into view.
You block the water elemental's attack.
There is an open door to the Ecumenical Temple here.
You hit the water elemental but do no damage.
The water elemental hits you.
The water elemental engulfs you in water!
You barely miss the water elemental.
You headbutt the water elemental, but do no damage.
Your lungs strain for air!
You block the water elemental's attack. The water elemental hits you.
You hit the water elemental.
The water elemental is lightly damaged.
Your lungs strain for air!
The water elemental closely misses you.
You slash the water elemental!
Your headbutt misses the water elemental.
The water elemental is heavily damaged.
* * * LOW HITPOINT WARNING * * *
Your lungs strain for air!
The water elemental closely misses you.
You hit the water elemental.
The water elemental is heavily damaged.
You die...

▓▓▓▓▓▓▓▓▓▓▓ ▓▓▓
.#..'...♣.♣♣ ♣.#
.#..#......♣ ♣.#
'####....♣♣♣ ♣♣.#
....#....~.♣♣♣..###+#+##
....#...~~..♣...#.......
...)#†.~~~~.♣.♣.@E⌠.....
###'#..~≈≈~~~.♣.#...####
...[#.~~≈~~~....#.⌠.#
....#.~≈~~~.....#...#
....#.~~~.......#+###
#####...........#
................#
▓▓▓▓▓▓▓▓▓▓▓▓▓▓▓▓▓


You could see a water elemental.

Vanquished Creatures
  Jessica (D)
  A human (D)
  A wolf (D)
  3 rats (D)
6 creatures vanquished.

Notes
Turn   | Place    | Note
-------+----------+-------------------------------------------
     0 | D        | Parcival the Minotaur Fighter began the quest for the Orb.
     0 | D        | Reached XP level 1. HP: 19/19 MP: 0/0
    11 | D        | Noticed Jessica
    13 | D        | Killed Jessica
    14 | D        | Reached skill level 5 in Fighting
    14 | D        | Reached skill level 5 in Armour
    14 | D        | Reached skill level 5 in Shields
    14 | D        | Reached XP level 2. HP: 29/29 MP: 1/1
    57 | D        | Reached XP level 3. HP: 29/37 MP: 2/2
   103 | D        | Reached skill level 6 in Shields
   180 | D        | Noticed a water elemental
   186 | D        | Drowned by a water elemental

Illustrated notes

Levels and vault maps discovered:
D:        dungeon_sprint_mu [sprint_mu_entry_forest, sprint_mu_temple_rooms,
          sprint_mu_d1_horrors, sprint_mu_d2_genie, sprint_mu_d3_branching,
          sprint_mu_orc_legion, sprint_mu_elf_gauntlet, sprint_mu_hive_nellie,
          sprint_mu_lair_fedhas, sprint_mu_vaults_butterflies,
          sprint_mu_slime_circle, sprint_mu_swamp_cave, sprint_mu_snake_twists,
          sprint_mu_blade_basic, sprint_mu_crypt_chambers,
          sprint_mu_tomb_spiral, sprint_mu_vestibule_basic,
          sprint_mu_gehenna_hellfire, sprint_mu_dis_giant,
          sprint_mu_tartarus_statrot, sprint_mu_cocytus_islands, sprint_mu_zot1]

Skill      XL: |  1  2  3 |
---------------+----------+-----
Fighting       | 5 |  5.9
Axes           | 3 4 |  4.2
Armour         | 5 |  5.9
Shields        | 5 6 |  6.0
Dodging        | |  0.1

Action                     || total
---------------------------++-------
  Melee: War axe           ||    27
         Headbutt          ||     4
 Armour: Scale mail        ||     8
  Dodge: Dodged            ||    13
  Block: Buckler           ||    11

Table legend: (Time is in decaauts)
 A = Elapsed time spent in this place.
 B = Non-inter-level travel time spent in this place.
 C = Inter-level travel time spent in this place.
 D = Time resting spent in this place.
 E = Time spent auto-exploring this place.
 F = Levels seen in this place.
 G = Mean time per level.
                   A        B        C        D        E       F      G
               +--------+--------+--------+--------+--------+-----+--------+
         Total |    196 |    191 |      5 |      0 |    123 |   1 |  196.0 |
       Dungeon |    196 |    191 |      5 |      0 |    123 |   1 |  196.0 |
               +--------+--------+--------+--------+--------+-----+--------+

Top non-repeatable levels by time:
       D: 196 daAuts
